 Dungeon Sprint DCSS version 0.31-a0-844-gdc52ec4e09 (webtiles) character file.

Game seed: 10184815360004983652

74 sircluck the Ruffian (level 4, -1/73 HPs)
             Began as a Troll Berserker on Sept 29, 2023.
             Was a Follower of Trog.
             Slain by a swamp dragon (4 damage)
             ... in the Dungeon (Sprint VII: "The Pits").
             The game lasted 00:00:15 (26 turns).

sircluck the Ruffian (Troll Berserker)                Turns: 26, Time: 00:00:16

Health: -1/73      AC:  4    Str: 27    XL:     4   Next: 10%
Magic:  3/3        EV: 10    Int:  3    God:    Trog [*.....]
Gold:   0          SH:  0    Dex:  9    Spells: 3/3 levels left

rFire   . .          .
                       - Unarmed
rCold   . . .        (no shield)
rNeg    . . .        a - +0 animal skin
rPois   .            (helmet restricted)
rElec   .            (no cloak)
rCorr   .            (gloves unavailable)
SInv    .            (boots unavailable)
Will    .....        (no amulet) Stlth
                     (no ring)
HPRegen 1.12/turn    (no ring)
MPRegen 0.08/turn

%: no teleportation
@: berserking, very quick
A: large, unfitting armour, claws 3, regeneration 1, shaggy fur 1, tough skin 1
a: Renounce Religion, Berserk


You were in the Dungeon.
You worshipped Trog.
Trog was aware of your devotion.
You visited 1 branch

Inventory:

Armour
 a - a +0 animal skin (worn)
Scrolls
 g - a scroll of blinking
Potions
 b - a potion of curing
 c - a potion of heal wounds
 d - a potion of haste
 e - 2 potions of magic
 f - a potion of berserk rage


   Skills:
 + Level 4.5 Fighting
 + Level 4.5 Dodging
 + Level 5.5 Unarmed Combat


You had 3 spell levels left.
You didn't know any spells.
Your spell library was empty.

Dungeon Overview and Level Annotations

Branches:
Dungeon (1/1)

Altars:


Innate Abilities, Weirdness & Mutations

You are too large for most types of armour.
You have claws for hands.
Your natural rate of healing is unusually fast.
You are covered in fur. (AC +1)
You have tough skin. (AC +1)


Message History

You closely miss the phantom.
The phantom is almost destroyed.
You claw the phantom!
You destroy the phantom!
Trog accepts your kill. The swamp dragon bites you!
* * * LOW HITPOINT WARNING * * *
The swamp dragon barely misses you.
The swamp dragon tramples you but does no damage.
Your Fighting skill gained 2 levels and is now at level 4!
Your Dodging skill gained 2 levels and is now at level 4!
Your Unarmed Combat skill gained 2 levels and is now at level 5!
You have reached level 2!
You have reached level 3!
Your experience leads to an increase in your attributes!
Increase (S)trength, (I)ntelligence, or (D)exterity?
You feel stronger. x3
You have reached level 4!
Unknown command.
Unknown command.
You mangle the swamp dragon!!
The swamp dragon is moderately wounded.
You claw the swamp dragon!
The swamp dragon is heavily wounded.
The swamp dragon closely misses you. The swamp dragon claws you!
* * * LOW HITPOINT WARNING * * *
The swamp dragon tramples you.
* * * LOW HITPOINT WARNING * * *
You stumble backwards!
You claw the swamp dragon!
The swamp dragon is severely wounded.
The swamp dragon barely misses you. x2; The swamp dragon tramples you.
* * * LOW HITPOINT WARNING * * *
You stumble backwards!
You barely miss the swamp dragon.
The swamp dragon is severely wounded.
You barely miss the swamp dragon.
The swamp dragon is severely wounded.
The swamp dragon misses you. The swamp dragon claws you.
You die...

##########++######
#................#
#......#..#......#
#................+
+.......@........+
#......#.D#......#
#................#
####'#####''######
#.......##''#
#.......##...
#.......##....
#...<...##...##
#.......##..##


You could see a swamp dragon.

Vanquished Creatures
  A phantom (D)
1 creature vanquished.

Notes
Turn   | Place    | Note
-------+----------+-------------------------------------------
     0 | D        | sircluck the Troll Berserker began the quest for the Orb.
     0 | D        | Reached XP level 1. HP: 22/22 MP: 0/0
    11 | D        | Noticed a phantom
    11 | D        | Noticed a swamp dragon
    21 | D        | Killed a phantom
    22 | D        | Reached skill level 5 in Unarmed Combat
    22 | D        | Reached XP level 2. HP: 9/33 MP: 1/1
    22 | D        | Reached XP level 3. HP: 11/40 MP: 2/2
    22 | D        | Reached XP level 4. HP: 13/49 MP: 3/3
    23 | D        | HP: 2/73 [swamp dragon (4)]
    26 | D        | Slain by a swamp dragon

Illustrated notes

Levels and vault maps discovered:
D:        pitsprint [storerooms_1, entrance_room_1, metal_vault_6, armoury_1,
          mini_pit_1, grid_room_1, main_hall_1, silver_pit, the_coven_3,
          the_vestibule_1, steel_vault_3, golden_pit, hallway_of_sentries,
          crystal_vault_1, iron_vault_1, final_vault]

Skill      XL: |  1 |
---------------+----+-----
Fighting       | 4 |  4.5
Dodging        | 4 |  4.5
Unarmed Combat | 5 |  5.5

Action                     |  1- 3 |  4- 6 || total
---------------------------+-------+-------++-------
  Melee: Unarmed           |     7 |     5 ||    12
 Invoke: Berserk           |     1 |       ||     1
 Armour: Animal skin       |     7 |     4 ||    11
  Dodge: Dodged            |     2 |     4 ||     6

Table legend: (Time is in decaauts)
 A = Elapsed time spent in this place.
 B = Non-inter-level travel time spent in this place.
 C = Inter-level travel time spent in this place.
 D = Time resting spent in this place.
 E = Time spent auto-exploring this place.
 F = Levels seen in this place.
 G = Mean time per level.
                   A        B        C        D        E       F      G
               +--------+--------+--------+--------+--------+-----+--------+
         Total |     21 |     21 |      0 |      0 |     11 |   1 |   21.0 |
       Dungeon |     21 |     21 |      0 |      0 |     11 |   1 |   21.0 |
               +--------+--------+--------+--------+--------+-----+--------+

Top non-repeatable levels by time:
       D: 21 daAuts
